AoeStats
← Platypus

Nomad

510309088Analyzed
4v4 RM · 2d ago on Sep 30, 2026· 36m 25s· 8 players
Game mode
Random Map
Map size
231×231
Population
200
Speed
Normal
Resources
Standard
Victory
Conquest
Starting age
Dark Age
Ending age
Imperial Age
RankedLock teamsTeams togetherTeam positionsShared explorationLock speedFull tech treeHidden civsTurbo modeCheats
Victory
Defeat
🇨🇳 Danes · China
1760
+10
🇨🇳 Malay · China
1670
+14
1668
+14
🇨🇳 Dravidians · China
1552
+18
🇬🇧 Lithuanians · United Kingdom
1675
-16
🇻🇳 Spanish · Vietnam
1612
-14
1602
-13
🇨🇳 Varangians · China
1585
-13
JustAGecko
13:30 Feudal Age
13:34 Loom
17:10 Castle Age
15:29 Fishing Lines
16:34 Double-Bit Axe
17:26 Forging
18:03 Medium Warships
18:28 Bow Saw
20:59 Clinker Construction
23:02 Gillnets
24:43 Demolition Ship
25:58 Horse Collar
33:46 Wheelbarrow
37:40 Imperial Age
Platypus
5:18 Loom
13:04 Feudal Age
16:39 Castle Age
15:54 Gold Mining
17:11 Double-Bit Axe
18:02 Wheelbarrow
18:31 Bow Saw
21:16 Medium Warships
26:02 Scale Barding Armor
27:39 Forging
28:02 Bloodlines
32:40 Iron Casting
Đà Lạt
14:31 Feudal Age
18:08 Castle Age
16:15 Double-Bit Axe
16:38 Horse Collar
18:07 Stone Mining
18:08 Gold Mining
19:47 Medium Warships
22:06 Bow Saw
25:18 Fletching
26:45 Loom
28:50 Wheelbarrow
36:19 Imperial Age
34:09 Scale Barding Armor
35:16 Chain Barding Armor
35:55 Bloodlines
35:46 Husbandry
Yucatan_water_supremacy
4:07 Loom
14:08 Feudal Age
14:55 Double-Bit Axe
21:39 Castle Age
22:07 Town Watch
28:28 Horse Collar
mongo
4:22 Loom
14:45 Feudal Age
18:11 Castle Age
16:42 Double-Bit Axe
18:10 Fletching
18:12 Gold Mining
22:02 Ballistics
21:55 Bodkin Arrow
25:32 Husbandry
29:18 Horse Collar
34:46 Gold Shaft Mining
36:21 Thumb Ring
39:04 Imperial Age
37:10 Wheelbarrow
Player86688262
5:10 Loom
15:08 Feudal Age
18:28 Castle Age
16:23 Double-Bit Axe
16:26 Fishing Lines
18:19 Forging
18:02 Gillnets
18:45 Medium Warships
19:15 Gold Mining
22:35 Iron Casting
24:53 Bow Saw
25:59 Wheelbarrow
28:51 Imperial Age
29:44 Blast Furnace
29:24 Heavy Warships
29:38 Crossbowman
30:11 Fletching
30:47 Arbalester
32:25 Bodkin Arrow
34:23 Gold Shaft Mining
35:17 Hand Cart
34:47 Town Watch
35:20 Thumb Ring
35:18 Padded Archer Armor
儒门大吊-日食
12:44 Feudal Age
14:02 Loom
17:14 Castle Age
18:04 Forging
19:00 Fishing Lines
18:49 Light Cavalry
20:08 Medium Warships
20:48 Gillnets
20:55 Double-Bit Axe
23:29 Gold Mining
27:04 Town Watch
30:15 Wheelbarrow
30:43 Wheelbarrow
31:26 Bow Saw
31:35 Horse Collar
32:34 Heavy Plow
35:42 Gold Shaft Mining
35:50 Hand Cart
38:24 Imperial Age
36:06 Scale Mail Armor
37:05 Chain Mail Armor
37:00 Squires
36:46 Arson
37:37 Iron Casting
czj136
4:15 Loom
12:10 Feudal Age
12:43 Double-Bit Axe
23:27 Castle Age
24:19 Medium Warships
26:07 Siphons
27:32 Horse Collar
36:27 Imperial Age
33:55 Fletching
34:33 Ballistics
34:46 Bodkin Arrow
35:42 Padded Archer Armor
36:46 Thumb Ring
Connection lost

Rejoining the realm…

Still unreachable

The connection could not be restored.

Session expired

The server has moved on; the page needs a fresh start.